 Dungeon Crawl Stone Soup version 0.28-a0-998-gb9e9c7b67e (webtiles) character file.

Game seed: 15424448352625226470

3413 Peloso the Carver (level 9, 0/79 HPs)
             Began as a Minotaur Fighter on Dec 6, 2021.
             Was a Priest of Okawaru.
             Slain by Snorg (6 damage)
             ... on level 10 of the Dungeon.
             The game lasted 00:14:13 (8205 turns).

Peloso the Carver (Minotaur Fighter)                Turns: 8205, Time: 00:14:14

Health: 0/79       AC: 17    Str: 23    XL:     9   Next: 76%
Magic:  6/8        EV: 11    Int:  5    God:    Okawaru [***...]
Gold:   243        SH:  7    Dex: 12    Spells: 8/8 levels left

rFire   + . .      SeeInvis .   a - +0 long sword
rCold   . . .      Faith    .   c - +0 buckler
rNeg    . . .      Spirit   .   f - +0 chain mail {rF+}
rPois   .          Reflect  .   (helmet restricted)
rElec   .          Harm     .   C - +0 cloak
rCorr   .          Rampage  .   u - +0 pair of gloves
Will    .....                   w - +0 pair of boots
Stlth   ..........              (no amulet)
HPRegen 0.23/turn               (no ring)
MPRegen 0.11/turn               (no ring)

@: heroic
A: horns 2, retaliatory headbutt
a: Renounce Religion, Heroism


You were on level 10 of the Dungeon.
You worshipped Okawaru.
Okawaru was most pleased with you.
You visited 2 branches of the dungeon, and saw 11 of its levels.

You collected 369 gold pieces.
You spent 126 gold pieces at shops.

Inventory:

Hand Weapons
 a - a +0 long sword (weapon)
Armour
 b - a +0 scale mail
 c - a +0 buckler (worn)
 f - a +0 chain mail of fire resistance (worn)
 u - a +0 pair of gloves (worn)
 w - a +0 pair of boots (worn)
 x - a +0 plate armour
 C - a +0 cloak (worn)
Jewellery
 j - a ring of ice
 A - a ring of protection from fire
Wands
 v - a wand of iceblast (8)
Scrolls
 e - 5 scrolls of fear
 g - a scroll of magic mapping
 h - 3 scrolls of enchant weapon
 i - a scroll of immolation
 k - 3 scrolls of fog
 m - 7 scrolls of teleportation
 o - a scroll of blinking
 y - a scroll of acquirement
 D - a scroll of silence {unknown}
Potions
 n - a potion of cancellation {unknown}
 p - 3 potions of resistance
 q - 2 potions of lignification {unknown}
 r - a potion of mutation {unknown}
 s - a potion of berserk rage {unknown}
 t - 3 potions of degeneration {unknown}
 z - 2 potions of curing
 B - 2 potions of magic {unknown}
 E - a potion of haste {unknown}


   Skills:
 + Level 7.4(12.4) Fighting
 + Level 11.1(16.1) Long Blades
 + Level 8.9(13.9) Armour
 + Level 1.8(6.8) Dodging
 + Level 1.5(6.5) Stealth
 + Level 7.3(12.3) Shields
 + Level 0.4 Invocations


You had 8 spell levels left.
You didn't know any spells.
Your spell library contained the following spells:

 Spells                   Type           Power      Damage    Failure   Level
 Shock                    Conj/Air       0%         1d3       94%         1
 Sting                    Tmut/Pois      0%         1d3       94%         1
 Poisonous Vapours        Pois/Air       0%         N/A       98%         2
 Gell's Gravitas          Tloc           0%         N/A       100%        3
 Lesser Beckoning         Tloc           0%         N/A       100%        3
 Swiftness                Air            0%         N/A       100%        3
 Teleport Other           Tloc           0%         N/A       100%        3
 Airstrike                Air            0%         N/A       100%        4
 Olgreb's Toxic Radiance  Pois           0%         N/A       100%        4


Dungeon Overview and Level Annotations

Branches:
Dungeon (10/15)            Temple (1/1) D:5
   Lair: D:8-11         Orc: D:9-12

Altars:
Ashenzari
Cheibriados
Dithmenos
Fedhas
Hepliaklqana
Kikubaaqudgha
Makhleb
Nemelex Xobeh
Okawaru
Qazlal
Trog
Uskayaw
Vehumet
Wu Jian
Xom
Yredelemnul
The Shining One

Shops:
D:1 *   D:2 ?   D:8 (

Annotations:
D:8 Gastronok
D:10 Joseph, Snorg


Innate Abilities, Weirdness & Mutations

You have a pair of horns on your head.
You reflexively headbutt those who attack you in melee.


Message History

* * * LOW HITPOINT WARNING * * *
You block Snorg's attack.
You feel much better. Snorg bites you! Snorg claws you but does no damage.
Snorg claws you!
* * * LOW HITPOINT WARNING * * *
Snorg misses you. You block Snorg's attack. Snorg misses you.
You slash Snorg! Your headbutt misses Snorg.
Snorg is lightly wounded.
Snorg bites you but does no damage. You block Snorg's attack.
Snorg claws you but does no damage.
Unknown command.
You slash Snorg! You headbutt Snorg.
Snorg is lightly wounded.
Snorg barely misses you. You block Snorg's attack. Snorg barely misses you.
Unknown command.
You hit Snorg but do no damage.
Snorg is lightly wounded.
Snorg barely misses you. You furiously retaliate!
You headbutt Snorg! Snorg barely misses you.
Snorg claws you but does no damage.
Unknown command.
You slash Snorg! You headbutt Snorg.
Snorg is moderately wounded.
You block Snorg's attack. x2; Snorg claws you but does no damage.
Unknown command.
You slice Snorg!! You headbutt Snorg.
Snorg is heavily wounded.
You block Snorg's attack. x2; Snorg closely misses you.
Unknown command.
You slash Snorg! You headbutt Snorg.
Snorg is heavily wounded.
Snorg bites you.
* * * LOW HITPOINT WARNING * * *
Snorg claws you but does no damage. Snorg barely misses you.
Unknown command.
You barely miss Snorg.
Snorg is heavily wounded.
You block Snorg's attack. Snorg claws you!
* * * LOW HITPOINT WARNING * * *
Snorg claws you.
You die...

# .#
#################..#
.............).....###
.<............<.......
...................###
......T@...........#
...................#
...................#
.....................
......................
......................
#####################


You could see Snorg (berserk).

Vanquished Creatures
  A hornet (D:7)
  Prince Ribbit (D:5)
  Sigmund (D:5)
  Eustachio (D:5)
  A steam dragon (D:7)
  A yak (D:8)
  Duvessa (D:5)
  4 orc warriors
  A hornet zombie (D:5)
  An ice beast (D:6)
  2 black bears
  4 ogres
  3 phantoms
  A centaur (D:9)
  3 scorpions
  Dowan (D:5)
  A bullfrog zombie (D:5)
  5 orc priests
  A hound (D:5)
  Crazy Yiuf (D:7)
  A bullfrog skeleton (D:4)
  3 jellies
  A centaur skeleton (D:7)
  An iguana (D:5)
  2 orc wizards
  A scorpion zombie (D:3)
  2 howler monkey zombies
  A howler monkey skeleton (D:5)
  8 adders
  A shadow imp (D:7)
  3 white imps (D:7)
  2 ufetubi
  An adder zombie (D:3)
  2 adder skeletons (D:3)
  A worm (D:2)
  2 dart slugs
  27 orcs
  9 bats
  6 endoplasms
  2 giant cockroaches
  7 goblins
  12 hobgoblins
  2 jackals (D:4)
  2 quokkas
  4 ball pythons
  3 frilled lizards
  5 kobolds
  8 rats
154 creatures vanquished.

Vanquished Creatures (others)
  A plant (D:1)
1 creature vanquished.

Grand Total: 155 creatures vanquished

Notes
Turn   | Place    | Note
-------+----------+-------------------------------------------
     0 | D:1      | Peloso the Minotaur Fighter began the quest for the Orb.
     0 | D:1      | Reached XP level 1. HP: 19/19 MP: 0/0
    97 | D:1      | Found a faded altar of an unknown god.
   129 | D:1      | Found Tuxof's General Store.
   169 | D:1      | Reached XP level 2. HP: 21/27 MP: 1/1
   798 | D:2      | Reached skill level 3 in Long Blades
   798 | D:2      | Reached XP level 3. HP: 23/33 MP: 2/2
  1241 | D:2      | Reached XP level 4. HP: 37/41 MP: 3/3
  1416 | D:2      | Found a sparkling altar of Nemelex Xobeh.
  1435 | D:2      | Found Lijinnut's Magic Scroll Boutique.
  1440 | D:2      | Bought a scroll of identify for 28 gold pieces
  1441 | D:2      | Bought a scroll of fog for 28 gold pieces
  1441 | D:2      | Bought a scroll of identify for 28 gold pieces
  1441 | D:2      | Bought a scroll of teleportation for 42 gold pieces
  1957 | D:3      | Reached skill level 4 in Long Blades
  2041 | D:3      | Reached XP level 5. HP: 38/47 MP: 4/4
  2112 | D:3      | Found a bloodstained altar of Trog.
  2414 | D:4      | You fall into a shaft and drop 2 floors!
  2500 | D:6      | Noticed an orc warrior
  2511 | D:6      | Killed an orc warrior
  2638 | D:6      | Reached skill level 5 in Long Blades
  2654 | D:5      | Entered Level 5 of the Dungeon
  2818 | D:4      | Reached XP level 6. HP: 50/55 MP: 5/5
  2819 | D:4      | Reached skill level 5 in Fighting
  2910 | D:4      | Reached skill level 5 in Shields
  2918 | D:4      | Reached skill level 5 in Armour
  2994 | D:4      | Reached skill level 6 in Long Blades
  3034 | D:4      | Reached XP level 7. HP: 56/61 MP: 6/6
  3627 | D:5      | Noticed Duvessa
  3627 | D:5      | Noticed Dowan
  3629 | D:5      | Found a burning altar of Makhleb.
  3640 | D:5      | Killed Duvessa
  3641 | D:5      | Reached skill level 7 in Long Blades
  3657 | D:5      | Killed Dowan
  3994 | D:5      | Found a staircase to the Ecumenical Temple.
  4143 | D:5      | Reached skill level 8 in Long Blades
  4143 | D:5      | Reached XP level 8. HP: 64/70 MP: 7/7
  4151 | Temple   | Entered the Ecumenical Temple
  4160 | Temple   | Became a worshipper of Warmaster Okawaru
  4329 | D:5      | Noticed Prince Ribbit
  4329 | D:5      | Noticed Sigmund
  4353 | D:5      | Killed Sigmund
  4353 | D:5      | Reached * piety under Okawaru
  4354 | D:5      | Reached skill level 1 in Dodging
  4361 | D:5      | HP: 1/70 [Prince Ribbit (13)]
  4364 | D:5      | Killed Prince Ribbit
  4365 | D:5      | Reached skill level 9 in Long Blades
  4682 | D:5      | Noticed Eustachio
  4708 | D:5      | Killed Eustachio
  4709 | D:5      | Reached skill level 1 in Stealth
  5319 | D:6      | Reached ** piety under Okawaru
  5337 | D:5      | Reached XP level 9. HP: 11/78 MP: 8/8
  6476 | D:7      | Reached skill level 10 in Long Blades
  6626 | D:7      | Identified a scroll of acquirement
  6651 | D:7      | Found a basalt altar of Yredelemnul.
  6761 | D:7      | Found a shadowy altar of Dithmenos.
  6762 | D:7      | Found a hazy altar of Hepliaklqana.
  6904 | D:7      | Found a runed translucent door.
  6905 | D:7      | Noticed Crazy Yiuf
  7152 | D:7      | Killed Crazy Yiuf
  7231 | D:8      | Noticed Gastronok
  7418 | D:8      | Found Quit's Weapon Shop.
  7453 | D:9      | Noticed a freezing wraith
  7519 | D:9      | Reached *** piety under Okawaru
  7541 | D:9      | Reached skill level 11 in Long Blades
  7911 | D:10     | Entered Level 10 of the Dungeon
  7911 | D:10     | Noticed Joseph
  8104 | D:10     | Noticed Snorg
  8205 | D:10     | Slain by Snorg

Illustrated notes

Levels and vault maps discovered:
D:1:      mrwooster_arrival_statue_3, layout_rooms,
          chequers_ecumenical_altar_island, serial_forest,
          infiniplex_forest_clump_curved, infiniplex_forest_clump_curved,
          infiniplex_forest_clump_curved, infiniplex_forest_zigzag_1,
          infiniplex_forest_lined_ring, infiniplex_forest_straight_2,
          infiniplex_forest_clump_cross, serial_shops, shop
D:2:      cheibrodos_greedy_goblins, layout_loops_ring, basic_altar,
          serial_shops, shop_statue, kennysheep_generic_room_4
D:3:      minmay_inner_zag, layout_rooms, bloody_trog, serial_undead,
          serial_undead_a, serial_undead_b, serial_undead_b, serial_undead_c
D:4:      layout_cave_pods, serial_glass, glass_columns_b, glass_columns_a,
          glass_columns_a, glass_columns_b, glass_columns_a,
          hangedman_decor_points
D:5:      layout_basic, bloody_makhleb, minmay_temple_entry_grid, uniq_duvessa,
          uniq_prince_ribbit1, uniq_eustachio, uniq_sigmund
D:6:      layout_loops_cross
D:7:      layout_basic, yredelemnul_altar_generic,
          riverfiend_overflow_shadow_ancestor, uniq_crazy_yiuf_cottage
D:8:      layout_basic, grunt_temple_overflow_gold_and_silver, serial_shops,
          nicolae_shop_behind_doors, kennysheep_mini, uniq_gastronok
D:9:      layout_cross, lemuel_round_altar, serial_column_ruins,
          column_ruins_hut_ruined, column_ruins_open_tiny, column_ruins_grid_1,
          column_ruins_open_medium, column_ruins_grid_1
D:10:     layout_long_grid, uniq_snorg, uniq_joseph
Temple:   eino_temple_lava

Skill      XL: |  1  2  3  4  5  6  7  8  9 |
---------------+----------------------------+-----
Armour         | 4 5 6 7 8 |  8.9
Shields        | 4 5 6 7 |  7.3
Fighting       | 4 5 6 7 |  7.4
Long Blades    | 3 4 5 6 8 9 11 | 11.1
Dodging        | 1 |  1.8
Stealth        | 1 |  1.5
Invocations    | |  0.4

Action                   |  1- 3 |  4- 6 |  7- 9 || total
-------------------------+-------+-------+-------++-------
Melee: Long sword        |    70 |   126 |   298 ||   494
       Headbutt          |    12 |    24 |    53 ||    89
Invok: Heroism           |       |       |     6 ||     6
  Use: Scroll            |       |     1 |     7 ||     8
       Potion            |       |     1 |     3 ||     4
Armor: Scale mail        |     7 |       |       ||     7
       Chain mail        |    44 |    82 |   150 ||   276
Dodge: Dodged            |    28 |    38 |    88 ||   154
Block: Buckler           |    13 |    30 |    89 ||   132

Table legend: (Time is in decaauts)
 A = Elapsed time spent in this place.
 B = Non-inter-level travel time spent in this place.
 C = Inter-level travel time spent in this place.
 D = Time resting spent in this place.
 E = Time spent auto-exploring this place.
 F = Levels seen in this place.
 G = Mean time per level.
                   A        B        C        D        E       F      G
               +--------+--------+--------+--------+--------+-----+--------+
         Total |   8230 |   8047 |    183 |    869 |   5525 |  11 |  748.2 |
       Dungeon |   8209 |   8026 |    183 |    869 |   5525 |  10 |  820.9 |
        Temple |     20 |     20 |      0 |      0 |      0 |   1 |   20.0 |
               +--------+--------+--------+--------+--------+-----+--------+

Top non-repeatable levels by time:
     D:5: 2012 daAuts
     D:6: 1105 daAuts
     D:4: 941 daAuts
     D:2: 915 daAuts
     D:3: 832 daAuts
     D:7: 762 daAuts
     D:9: 670 daAuts
     D:1: 668 daAuts
     D:8: 267 daAuts
    D:10: 32 daAuts
  Temple: 20 daAuts
